 Dungeon Crawl Stone Soup version 0.25.0-9-g26727b657a (webtiles) character file.

Game seed: 788216265465943040

3075 Esekla the Slasher (level 9, 0/58 HPs)
             Began as an Octopode Skald on June 19, 2020.
             Was a Follower of Sif Muna.
             Slain by Harold
             ... wielding a +1 war axe of distortion
              (18 damage)
             ... on level 8 of the Dungeon.
             The game lasted 01:15:26 (10846 turns).

Esekla the Slasher (Octopode Skald)                Turns: 10846, Time: 01:15:28

Health: 0/58       AC:  1    Str: 22    XL:     9   Next: 88%
Magic:  16/16      EV:  8    Int: 19    God:    Sif Muna [*.....]
Gold:   301        SH:  0    Dex: 11    Spells: 4/17 levels left

rFire    x . .     SeeInvis +   a - +0 falchion
rCold    + . .     Gourm    .   (no shield)
rNeg     . . .     Faith    +   C - +0 hat {SInv}
rPois    +         Spirit   .   l - amulet of faith
rElec    .         Reflect  .   k - +6 ring of strength
rCorr    .         Harm     .   t - ring of poison resistance
MR       .....                  m - +6 ring of strength
Stlth    +++++.....             v - ring of stealth
HPRegen  0.19/turn              D - ring of flight
MPRegen  0.15/turn              q - ring of ice
                                (no ring)
                                (no ring)

@: marked, held, hasted, very quick
A: almost no armour, stealthy swim, amphibious, 8 rings, constrict 8, camouflage
1, gelatinous body 1
a: Channel Magic, Renounce Religion, Evoke Flight


You were on level 8 of the Dungeon.
You worshipped Sif Muna.
Sif Muna was aware of your devotion.
You were not hungry.

You visited 2 branches of the dungeon, and saw 10 of its levels.
You also visited: Ossuary.

You collected 301 gold pieces.

Inventory:

Hand Weapons
 a - a +0 falchion (weapon)
 p - a +2 dagger of protection
 x - a +2 vorpal spear
 z - a +1 short sword of freezing
 F - the cursed +2 hand axe "Miocoume" {holy, rC+++ Int+6 Dex-5, unknown}
   (You found it on level 8 of the Dungeon)

   It has been blessed by the Shining One to cause great damage to the undead
   and demons.
   It affects your intelligence (+6).
   It affects your dexterity (-5).
   It renders you almost immune to cold.
   It has a curse placed upon it.
 M - the +5 quarterstaff of Growth {venom, rElec rPois rN++ MR-}
   (You found it on level 6 of the Dungeon)

   It poisons the flesh of those it strikes.
   It insulates you from electricity.
   It protects you from poison.
   It greatly protects you from negative energy.
   It affects your resistance to hostile enchantments.
 N - a +0 rapier of holy wrath
Armour
 C - a +0 hat of see invisible (worn)
Jewellery
 g - an uncursed amulet of guardian spirit
 k - a +6 ring of strength (left tentacle)
 l - an amulet of faith (around mantle)
 m - a +6 ring of strength (on tentacle)
 n - an uncursed amulet of magic regeneration
 q - a ring of ice (on tentacle)
 t - a ring of poison resistance (right tentacle)
 v - a ring of stealth (on tentacle)
 D - a ring of flight (on tentacle)
Wands
 b - a wand of random effects (13)
 y - a wand of flame (17)
 B - a wand of acid (7)
 O - a wand of paralysis (9)
Scrolls
 f - 3 scrolls of teleportation {unknown}
 j - 2 scrolls of fear {unknown}
 o - 2 scrolls of magic mapping {unknown}
 u - a scroll of fog {unknown}
 w - 4 scrolls of amnesia {unknown}
 E - 2 scrolls of remove curse
 G - 3 scrolls of random uselessness {unknown}
 I - 2 scrolls of enchant weapon {unknown}
Potions
 e - 2 potions of stabbing
 h - a potion of curing
 i - 3 potions of resistance
 s - 2 potions of flight
 A - 2 potions of lignification
 H - a potion of magic {unknown}
 J - a potion of invisibility
 K - a potion of might
 L - a potion of brilliance
Comestibles
 c - 17 rations
 d - 2 chunks of flesh


   Skills:
 + Level 4.2 Fighting
 + Level 3.6(5.4) Short Blades
 + Level 6.2(6.7) Long Blades
 + Level 5.4 Dodging
 - Level 5.1 Stealth
 * Level 4.7 Spellcasting
 + Level 4.4 Charms
 * Level 2.0 Summonings
 + Level 2.6 Translocations
 * Level 4.6 Ice Magic
 * Level 1.4 Air Magic


You had 4 spell levels left.
You knew the following spells:

 Your Spells              Type           Power        Failure   Level  Hunger
a - Apportation           Tloc           ##....       4%          1    None
b - Infusion              Chrm           ###.         1%          1    None
g - Shroud of Golubria    Chrm/Tloc      ###...       4%          2    #......
l - Summon Lightning Spi  Summ/Air       ##......     52%         4    ####...
s - Song of Slaying       Chrm           ###.....     3%          2    #......
z - Ozocubu's Armour      Chrm/Ice       ####....     6%          3    ##.....

Your spell library contained the following spells:

 Spells                   Type           Power        Failure   Level  Hunger
 Summon Small Mammal      Summ           ##..         5%          1    None
 Call Imp                 Summ           ##......     9%          2    #......
 Animate Skeleton         Necr           N/A          13%         1    None
 Corona                   Hex            #......      13%         1    None
 Spectral Weapon          Hex/Chrm       ##......     16%         3    ##.....
 Call Canine Familiar     Summ           ##......     17%         3    ##.....
 Summon Guardian Golem    Hex/Summ       #.......     26%         3    ##.....
 Summon Ice Beast         Ice/Summ       ####....     32%         4    ####...


Dungeon Overview and Level Annotations

Branches:
Dungeon (9/15)             Temple (1/1) D:6         Ossuary (visited)
   Lair: D:8-11         Orc: D:9-12

Altars:
Ashenzari
Cheibriados
Dithmenos
Elyvilon
Fedhas
Gozag
Hepliaklqana
Kikubaaqudgha
Makhleb
Nemelex Xobeh
Okawaru
Qazlal
Ru
Sif Muna
Trog
Uskayaw
Vehumet
Wu Jian
Xom
The Shining One

Annotations:
D:8 Harold, Pikel


Innate Abilities, Weirdness & Mutations

You cannot wear most types of armour.
You are very stealthy in the water. (Stealth+)
You are amphibious.
You can wear up to eight rings at the same time.
You can use your tentacles to constrict eight enemies at once.
Your skin changes colour to match your surroundings (Stealth+).
Your rubbery body absorbs attacks. (AC +1, EV +1)


Message History

You struggle against the net.
Harold asks, "Do you mind if I name my boat the 'Esekla'?
Your head will be paying for it, after all."
You struggle against the net.
Harold gestures at you while chanting. A sentinel's mark forms upon you.
You struggle against the net.
Harold hits you with a +1 war axe of distortion!
Space warps horribly around you.
You rip the net and break free!
Harold hits you with a +1 war axe of distortion!
* * * LOW HITPOINT WARNING * * *
Okay, then.
You feel yourself speed up.
Harold throws a throwing net.
The throwing net hits you.
You become entangled in the net!
You see here a throwing net.
You struggle against the net.
You struggle against the net.
Harold hits you with a +1 war axe of distortion!!
You die...

...# #....# ...# #....#
...# #....# ...#
##+####...# ..##
#....##...# ..#
+.....#...#
..###########.....#...#
..##.......##[.@.##...#
............+...@##...#
............#.....'...#
...........##....##...#
...........##...(##...#
..##..................#
..##..................#
..'...<...............#
..##.......##....##...#
..###+########'########


You could see Harold.

Vanquished Creatures
  Joseph (D:8)
  Grinder (D:5)
  A spriggan (D:7)
  A wraith (Ossuary)
  Duvessa (D:4)
  An ice beast (D:8)
  A sky beast (D:4)
  A necrophage (D:6)
  2 ogres
  Blork the orc (D:4)
  3 bullfrogs
  A gnoll sergeant (D:7)
  Dowan (D:4)
  4 wights (D:8)
  6 killer bees (D:9)
  A howler monkey (D:4)
  2 crimson imps
  A quasit (D:8)
  A jelly (D:5)
  A centaur skeleton (D:8)
  2 hounds
  3 orc wizards
  2 iguanas
  5 worker ants
  Natasha (thrice) (D:4)
  A hound skeleton (D:5)
  A mummy (Ossuary)
  Robin (D:4)
  14 gnolls
  5 adders
  A howler monkey skeleton (D:4)
  An adder skeleton (D:7)
  A worm (D:2)
  A dart slug (D:2)
  3 leopard geckos
  9 orcs
  A giant cockroach (D:1)
  20 goblins
  12 hobgoblins
  9 jackals
  A quokka (D:2)
  A ball python (D:2)
  8 bats
  2 frilled lizards (D:1)
  10 gnoll skeletons (Ossuary)
  10 kobolds
  4 kobold skeletons (Ossuary)
  A leopard gecko skeleton (D:5)
  11 orc skeletons (Ossuary)
  A quokka skeleton (D:5)
  7 rats
183 creatures vanquished.

Notes
Turn   | Place    | Note
-------+----------+-------------------------------------------
     0 | D:1      | Esekla the Octopode Skald began the quest for the Orb.
     0 | D:1      | Reached XP level 1. HP: 14/14 MP: 3/3
   738 | D:1      | Reached XP level 2. HP: 19/19 MP: 5/5
   764 | D:1      | Learned a level 2 spell: Shroud of Golubria
   767 | D:1      | Learned a level 2 spell: Song of Slaying
  1058 | D:1      | Reached skill level 1 in Stealth
  1350 | D:2      | Reached XP level 3. HP: 24/24 MP: 6/6
  2192 | D:2      | Reached XP level 4. HP: 29/29 MP: 7/7
  2561 | D:3      | Noticed an ogre
  2663 | D:3      | Found a blossoming altar of Fedhas.
  2666 | D:3      | Found a sacrificial altar of Ru.
  2667 | D:3      | Found a hazy altar of Hepliaklqana.
  2668 | D:3      | Found a shattered altar of Ashenzari.
  2732 | D:3      | Found a faded altar of an unknown god.
  2837 | D:3      | Reached skill level 3 in Long Blades
  3056 | D:3      | Found a white marble altar of Elyvilon.
  3089 | D:3      | Became a worshipper of Elyvilon the Healer
  3363 | D:4      | Noticed Duvessa
  3404 | D:4      | Noticed a sky beast
  3436 | D:4      | Killed a sky beast
  3436 | D:4      | Reached skill level 1 in Short Blades
  3436 | D:4      | Reached XP level 5. HP: 11/35 MP: 3/8
  3734 | D:4      | Reached XP level 6. HP: 41/41 MP: 9/9
  3740 | D:4      | Learned a level 3 spell: Ozocubu's Armour
  3909 | D:4      | Noticed Natasha
  3913 | D:4      | Killed Natasha
  3988 | D:4      | Noticed Robin
  4025 | D:4      | Killed Robin
  4057 | D:4      | Noticed Dowan
  4305 | D:4      | Noticed Blork the orc
  4316 | D:4      | Killed Blork the orc
  4408 | D:4      | Reached XP level 7. HP: 45/45 MP: 11/11
  4411 | D:4      | Reached skill level 1 in Translocations
  4411 | D:4      | Reached skill level 1 in Ice Magic
  4721 | D:5      | Entered Level 5 of the Dungeon
  4741 | D:5      | Reached * piety under Elyvilon
  4847 | D:5      | Found a shattered altar of Ashenzari.
  5262 | D:5      | Reached skill level 5 in Stealth
  5714 | D:5      | Noticed Grinder
  5722 | D:5      | Killed Grinder
  5722 | D:5      | Reached skill level 4 in Long Blades
  5722 | D:5      | Reached XP level 8. HP: 29/52 MP: 6/12
  5985 | D:6      | Found a sand-covered staircase.
  5994 | Ossuary  | Entered an ossuary
  5994 | Ossuary  | Noticed a wraith
  5994 | Ossuary  | Noticed a wraith
  5994 | Ossuary  | Noticed a wraith
  6706 | Ossuary  | Reached ** piety under Elyvilon
  6709 | Ossuary  | Noticed a wraith
  6736 | Ossuary  | Killed a wraith
  7095 | D:6      | Noticed a troll
  7162 | D:6      | Found a staircase to the Ecumenical Temple.
  7168 | Temple   | Entered the Ecumenical Temple
  7193 | D:6      | Got a crude quarterstaff
  7307 | Temple   | Identified the +5 quarterstaff of Growth {venom, rElec
                  | rPois rN++ MR-} (You found it on level 6 of the Dungeon)
  7320 | Temple   | Identified a scroll of acquirement
  7341 | Temple   | Fell from the grace of Elyvilon
  7341 | Temple   | Became a worshipper of Sif Muna the Loreminder
  7718 | D:4      | Noticed Natasha
  7760 | D:4      | Killed Natasha
  7760 | D:4      | Reached skill level 5 in Long Blades
  7774 | D:4      | Killed Dowan
  8001 | D:4      | Noticed Natasha
  8018 | D:4      | Killed Natasha
  8037 | D:4      | Killed Duvessa
  8292 | D:7      | Reached XP level 9. HP: 34/56 MP: 8/14
  9424 | D:8      | Found a burning altar of Makhleb.
  9424 | D:8      | Noticed a blizzard demon
  9464 | D:8      | Noticed Harold
  9579 | D:8      | Got a slimy hand axe
  9645 | D:8      | Noticed Joseph
  9683 | D:8      | Killed Joseph
  9683 | D:8      | Reached skill level 6 in Long Blades
  9911 | D:7      | Reached skill level 5 in Dodging
 10100 | D:8      | Learned a level 1 spell: Apportation
 10105 | D:8      | Learned a level 4 spell: Summon Lightning Spire
 10116 | D:8      | Reached * piety under Sif Muna
 10147 | D:8      | Noticed Pikel
 10244 | D:9      | Reached skill level 1 in Summonings
 10253 | D:9      | Reached skill level 1 in Air Magic
 10629 | D:8      | Found an iron altar of Okawaru.
 10846 | D:8      | Slain by Harold

Illustrated notes

Levels and vault maps discovered:
D:1:      evilmike_arrival_fibonacci_small, layout_loops_corners
D:2:      layout_basic, serial_co_window_serial, co_window_corner_a,
          co_window_of_opportunity_a, co_window_cross_1, co_window_paths_a,
          co_window_paths_b, co_window_paths_a, co_window_paths_a,
          co_window_broadway_c, co_window_unsneaky_path_a, co_window_2corner,
          co_window_unsneaky_path_c, co_window_corner_b, glass_columns_a
D:3:      layout_loops_ring, elyvilon_altar_1, minitemple,
          chequers_ecumenical_altar_simple_redux, hangedman_decor_diamond_cutter
D:4:      kennysheep_goblin_castle, layout_loops_ring, serial_park_tiny_pond,
          uniq_blork_the_orc, uniq_duvessa, uniq_natasha
D:5:      layout_basic, first_ration, grunt_decor_one_mirror,
          cheibrodos_ashenzari_chains, uniq_grinder
D:6:      layout_rooms, temple_green, nicolae_ossuary_entry_ruins
D:7:      layout_loops_corners, serial_glass, glass_columns_a, glass_columns_c,
          glass_columns_b, glass_columns_a, glass_columns_b, glass_columns_c,
          the_bakery
D:8:      layout_gridville, makhleb_altar_promises_db,
          okawaru_altar_gauntlet_db, uniq_pikel, uniq_harold, uniq_joseph
D:9:      layout_roguey, gammafunk_temple_overflow_elements,
          kennysheep_small_square
Temple:   jpeg_temple_clearing

Skill      XL: |  1  2  3  4  5  6  7  8  9 |
---------------+----------------------------+-----
Stealth        | 1 2 3 4 5 |  5.1
Dodging        | 3 4 5 |  5.4
Long Blades    | 3 4 5 6 |  6.2
Short Blades   | 1 2 3 |  3.6
Spellcasting   | 3 4 |  4.7
Translocations | 2 |  2.6
Ice Magic      | 2 3 4 |  4.6
Fighting       | 3 4 |  4.2
Charms         | 4 |  4.4
Summonings     | 2 |  2.0
Air Magic      | 1 |  1.4

Action                   |  1- 3 |  4- 6 |  7- 9 || total
-------------------------+-------+-------+-------++-------
Melee: Falchion          |    61 |     1 |   235 ||   297
       Constrict         |    21 |    19 |    64 ||   104
       Tentacles         |    13 |    21 |    66 ||   100
       Dagger            |     5 |   103 |    23 ||   131
 Cast: Shroud of Golubri |     3 |     3 |    14 ||    20
       Song of Slaying   |     1 |     2 |     2 ||     5
       Ozocubu's Armour  |       |       |    12 ||    12
       Infusion          |       |       |     1 ||     1
Evoke: Wand              |       |       |     1 ||     1
  Use: Scroll            |       |       |    18 ||    18
       Potion            |       |       |     9 ||     9
 Stab: Sleeping          |     4 |    13 |    11 ||    28
       Distracted        |       |     1 |     1 ||     2
  Eat: Chunk             |     4 |     3 |    13 ||    20
       Ration            |       |     1 |     3 ||     4
Armor: Skin              |     6 |    19 |   155 ||   180
Dodge: Dodged            |    57 |    57 |   137 ||   251
       Rpst.: Falchion   |    14 |       |    42 ||    56
